AoeStats
← johnny912hk

Black Forest

510111544Analyzed
4v4 RM · 4d ago on Sep 29, 2026· 87m 14s· 8 players
Game mode
Random Map
Map size
Large (8 player)
Population
200
Speed
Normal
Resources
Standard
Victory
Conquest
Starting age
Dark Age
Ending age
Imperial Age
RankedLock teamsTeams togetherTeam positionsShared explorationLock speedFull tech treeHidden civsTurbo modeCheats
Victory
Defeat
🇨🇳 Britons · China
1002
+16
🇹🇼 Khmer · Taiwan
987
+16
945
+18
🇦🇷 Turks · Argentina
944
+18
🇭🇰 Celts · Hong Kong SAR China
1069
-19
🇦🇲 Koreans · Armenia
1004
-18
🇹🇷 Britons · Türkiye
977
-16
🇭🇰 Persians · Hong Kong SAR China
931
-15
粮草征收人
0:41 Loom
18:04 Feudal Age
18:52 Double-Bit Axe
18:50 Horse Collar
19:04 Gold Mining
26:32 Castle Age
24:44 Stone Mining
26:11 Fletching
41:24 Imperial Age
39:52 Gold Shaft Mining
40:05 Scale Mail Armor
40:16 Forging
40:15 Pikeman
40:57 Squires
41:15 Chain Mail Armor
41:47 Ballistics
45:31 Padded Archer Armor
45:44 Elite Skirmisher
50:35 Bodkin Arrow
50:56 Leather Archer Armor
51:07 Caravan
52:54 Conscription
58:06 Chemistry
59:11 Bracer
60:57 Crossbowman
65:09 Arbalester
71:04 Wheelbarrow
73:51 Warwolf
74:16 Yeomen
76:15 Bow Saw
77:16 Ring Archer Armor
80:41 Elite Longbowman
瘦死的骆驼比马大
8:55 Loom
9:21 Loom
13:48 Feudal Age
17:45 Castle Age
15:41 Double-Bit Axe
16:15 Horse Collar
18:58 Bow Saw
24:01 Heavy Plow
26:06 Wheelbarrow
31:06 Imperial Age
29:45 Caravan
30:25 Hand Cart
30:52 Fletching
31:02 Padded Archer Armor
32:53 Chemistry
33:15 Ballistics
33:01 Siege Engineers
34:11 Two-Man Saw
33:43 Conscription
34:13 Elite Skirmisher
34:26 Houfnice
36:08 Bodkin Arrow
36:29 Leather Archer Armor
36:15 Scale Mail Armor
36:25 Forging
38:44 Bombard Tower
38:36 Masonry
38:37 Fortified Wall
38:23 Murder Holes
39:11 Bracer
39:42 Ring Archer Armor
41:08 Pikeman
41:50 Squires
43:49 Coinage
43:30 Guilds
43:22 Town Watch
45:21 Halberdier
46:18 Chain Mail Armor
46:39 Iron Casting
55:07 Banking
55:32 Architecture
56:22 Town Patrol
jacky
1:31 Loom
15:01 Feudal Age
22:54 Castle Age
23:55 Double-Bit Axe
34:22 Imperial Age
33:22 Bow Saw
40:58 Wheelbarrow
43:33 Gold Mining
51:06 Gold Shaft Mining
51:41 Scale Barding Armor
51:47 Forging
51:28 Fletching
52:15 Bloodlines
52:38 Husbandry
53:04 Chain Barding Armor
52:45 Padded Archer Armor
53:14 Chain Barding Armor
57:15 Iron Casting
57:15 Plate Barding Armor
64:13 Heavy Camel Rider
遠方的燈
1:07 Loom
13:17 Feudal Age
17:01 Castle Age
15:33 Double-Bit Axe
15:29 Horse Collar
18:31 Bow Saw
18:22 Heavy Plow
25:31 Wheelbarrow
27:49 Town Watch
28:22 Hand Cart
32:54 Imperial Age
32:59 Caravan
34:01 Conscription
34:01 Tusk Swords
34:09 Scale Barding Armor
34:18 Forging
34:23 Bloodlines
33:36 Elite Battle Elephant
34:18 Husbandry
35:19 Town Patrol
36:44 Elite Ballista Elephant
38:32 Iron Casting
38:21 Chain Barding Armor
39:38 Plate Barding Armor
40:13 Blast Furnace
46:12 Ballistics
46:53 Chemistry
45:59 Siege Engineers
47:43 Fletching
47:53 Padded Archer Armor
47:54 Scale Mail Armor
48:30 Double Crossbow
johnny912hk
11:07 Feudal Age
15:00 Castle Age
13:20 Double-Bit Axe
13:17 Horse Collar
16:20 Wheelbarrow
16:30 Bow Saw
17:08 Loom
20:28 Gold Mining
22:39 Hand Cart
23:43 Heavy Plow
28:38 Imperial Age
26:57 Scale Mail Armor
27:08 Forging
27:35 Gold Shaft Mining
28:12 Chain Mail Armor
27:51 Man-at-Arms
28:18 Gambesons
28:20 Arson
29:12 Iron Casting
28:51 Onager
29:03 Pikeman
29:06 Long Swordsman
30:11 Halberdier
31:17 Siege Onager
32:52 Furor Celtica
33:50 Conscription
33:03 Two-Handed Swordsman
34:54 Plate Mail Armor
36:20 Blast Furnace
35:18 Champion
36:51 Siege Engineers
42:25 Stone Mining
48:57 Capped Ram
51:38 Siege Ram
53:21 Caravan
61:02 Elite Woad Raider
77:16 Heavy Scorpion
旺旺
11:11 Feudal Age
11:59 Double-Bit Axe
19:03 Castle Age
17:07 Stone Mining
17:09 Horse Collar
18:51 Gold Mining
19:53 Bow Saw
19:48 Heavy Plow
28:23 Imperial Age
27:54 Gold Shaft Mining
27:57 Wheelbarrow
29:31 Crop Rotation
30:22 Two-Man Saw
30:27 Hand Cart
35:52 Husbandry
36:03 Bloodlines
35:40 Arson
35:56 Squires
35:16 Pikeman
36:38 Scale Barding Armor
36:34 Scale Mail Armor
36:44 Forging
36:14 Elite War Elephant
37:23 Cavalier
39:29 Chain Barding Armor
39:24 Chain Mail Armor
40:59 Plate Barding Armor
41:00 Iron Casting
40:36 Savar
42:31 Halberdier
45:03 Blast Furnace
44:35 Plate Mail Armor
45:08 Conscription
68:05 Guilds
68:26 Coinage
67:57 Caravan
71:31 Banking
g.mag
0:38 Loom
16:00 Feudal Age
21:24 Castle Age
20:14 Double-Bit Axe
20:11 Horse Collar
22:36 Bow Saw
28:41 Heavy Plow
32:50 Town Watch
33:41 Wheelbarrow
32:59 Gold Mining
33:00 Stone Mining
34:26 Caravan
34:57 Fletching
37:58 Imperial Age
39:15 Bodkin Arrow
41:14 Bracer
43:47 Ballistics
44:27 Chemistry
43:25 Murder Holes
44:57 Arrowslits
45:19 Siege Engineers
44:53 Elite War Wagon
49:54 Shinkichon
53:07 Forging
53:03 Scale Barding Armor
54:47 Heavy Rocket Cart
55:52 Pikeman
56:32 Squires
55:55 Elite Fire Lancer
58:28 Squires
57:55 Pikeman
60:32 Pikeman
61:17 Scale Mail Armor
61:52 Iron Casting
61:08 Halberdier
62:43 Arson
63:28 Chain Mail Armor
81:44 Capped Ram
Bay X-RaY
0:36 Loom
16:31 Feudal Age
21:57 Castle Age
20:23 Double-Bit Axe
21:08 Horse Collar
21:44 Stone Mining
23:43 Bow Saw
27:57 Heavy Plow
30:39 Fletching
31:42 Bodkin Arrow
35:48 Imperial Age
34:26 Wheelbarrow
34:17 Padded Archer Armor
34:45 Ballistics
34:21 Murder Holes
35:26 Hand Cart
37:00 Bracer
37:17 Leather Archer Armor
38:11 Chemistry
39:18 Ring Archer Armor
40:30 Two-Man Saw
39:05 Heavy Scorpion
40:43 Elite Longbowman
Connection lost

Rejoining the realm…

Still unreachable

The connection could not be restored.

Session expired

The server has moved on; the page needs a fresh start.